 Dungeon Crawl Stone Soup version bcrawl-1.19.2-6-g6a88ae04c9 (webtiles) character file.

Game seed: 15394724541746695282

331 MisterOstroum the Slasher (level 6, -6/48 HPs)
             Began as a Mummy Archaeologist on Jan 1, 2020.
             Killed from afar by a steam dragon (12 damage)
             ... with a ball of steam
             ... on level 3 of the Dungeon.
             The game lasted 00:17:44 (4228 turns).

MisterOstroum the Slasher (Mummy Archaeologist)     Turns: 4228, Time: 00:17:45

Health: -6/48      AC: 13    Str: 16    XL:     6   Next: 26%
Magic:  6/6        EV: 10    Int: 14    God:
Gold:   67         SH:  0    Dex: 10    Spells: 5/5 levels left

rFire    x . .     SeeInvis .   a - +0 dagger (drain)
rCold    + . .     Gourm    .   (no shield)
rNeg     + + +     Faith    .   l - +0 scale mail
rPois    ∞         Spirit   .   n - +1 hat
rElec    .         Reflect  .   (no cloak)
rCorr    +         Harm     .   r - +2 pair of gloves
MR       .....     Clarity  +   d - +2 pair of boots
Stlth    ..........             (no amulet)
HPRegen  0.16/turn              t - ring of attention (curse)
MPRegen  0.10/turn              k - ring of resist corrosion

@: studying Long Blades
A: no food or potions, fire vulnerability, clarity, cold resistance 1, negative
energy resistance 3, torment resistance, unbreathing
a: no special abilities


You were on level 3 of the Dungeon.
You were not hungry.

You visited 1 branch of the dungeon, and saw 4 of its levels.

You collected 116 gold pieces.
You spent 49 gold pieces at shops.

Inventory:

Hand Weapons
 a - a +0 dagger of draining (weapon)
 b - a +0 blowgun
 c - a +1 hunting sling of flaming
 h - a +0 long sword
 p - a +0 whip
Missiles
 i - 480 stones (quivered)
 q - 42 poisoned needles
 u - 69 tomahawks
Armour
 d - a +2 pair of boots (worn)
 l - a +0 scale mail (worn)
 n - a +1 hat (worn)
 r - a +2 pair of gloves (worn)
Jewellery
 k - a ring of resist corrosion (right hand)
 t - a cursed ring of attention (left hand)
Wands
 g - a wand of polymorph (4)
Scrolls
 m - a scroll of enchant weapon
 o - a scroll of enchant armour
 s - a scroll of immolation
 v - a scroll of amnesia
Books
 e - a manual of Long Blades
Miscellaneous
 f - an ancient crate


   Skills:
 + Level 3.6 Fighting
 * Level 5.2 Long Blades
 - Level 2.0 Maces & Flails
 - Level 2.4 Dodging
 - Level 2.6 Stealth
 + Level 0.4 Evocations


You had 5 spell levels left.
You didn't know any spells.
Your spell library was empty.

Dungeon Overview and Level Annotations

Branches:
Dungeon (4/12)
 Temple: D:4-7

Altars:
Wu Jian

Shops:
D:4 (

Annotations:
D:2 Sigmund


Innate Abilities, Weirdness & Mutations

You do not eat or drink.
Your flesh is vulnerable to fire.
You are immune to poison.
You possess an exceptional clarity of mind.
Your flesh is cold resistant. (rC+)
You are immune to negative energy. (rN+++)
You are immune to unholy pain and torment.
You can survive without breathing.


Message History

Your scale mail prevents you from hitting the worm.
The worm is severely wounded.
The worm bites you.
You barely miss the worm.
The worm is heavily wounded.
The worm barely misses you.
You hit the worm.
The worm is severely wounded.
You hit the worm.
The worm is almost dead.
A black bear comes into view.
The worm bites you.
The black bear growls angrily.
You slash the worm!
You kill the worm!
You hear an angry hiss.
You barely miss the black bear. The black bear closely misses you.
The black bear barely misses you. x2
You hit the black bear.
The black bear is moderately wounded.
The black bear bites you. The black bear completely misses you.
The black bear closely misses you.
You hit the black bear.
The black bear is moderately wounded.
The black bear bites you!
The black bear claws you but does no damage.
The black bear barely misses you.
You completely miss the black bear.
The black bear is moderately wounded.
The black bear bites you!
The black bear claws you but does no damage.
The black bear claws you.
You are too injured to fight recklessly!
Found 120 arrows and 207 sling bullets.
You see here 120 arrows.
There is an escape hatch in the ceiling here.
Wield which item (- for none, * to show all)? (? for menu, Esc to quit)
Okay, then.
Unknown command.
Evoke which item? (* to show all) (? for menu, Esc to quit)
Aiming: Polymorph
Press: ? - help, Shift-Dir - straight line, f - black bear
Aim: a black bear (moderately wounded, chance to defeat MR: 47%)
The black bear resists with some effort.
The black bear bites you but does no damage.
The black bear claws you but does no damage. x2
Evoke which item? (* to show all) (? for menu, Esc to quit)
Aiming: Polymorph
Press: ? - help, Shift-Dir - straight line, f/p - black bear
Aim: a black bear (moderately wounded, chance to defeat MR: 47%)
The black bear resists with some effort.
The black bear bites you but does no damage.
The black bear claws you but does no damage. x2
Evoke which item? (* to show all) (? for menu, Esc to quit)
Aiming: Polymorph
Press: ? - help, Shift-Dir - straight line, f/p - black bear
Aim: a black bear (moderately wounded, chance to defeat MR: 47%)
The black bear resists with some effort.
The black bear bites you but does no damage.
The black bear claws you.
The black bear claws you but does no damage.
Wield which item (- for none, * to show all)? (? for menu, Esc to quit)
You sense an unholy aura.
a - a +0 dagger of draining (weapon)
The black bear bites you!
The black bear claws you but does no damage.
The black bear closely misses you.
You barely miss the black bear.
The black bear is moderately wounded.
The black bear barely misses you. The black bear claws you.
* * * LOW HITPOINT WARNING * * *
The black bear claws you but does no damage.
You hit the black bear but do no damage.
You drain the black bear.
The black bear is moderately wounded.
You hit the black bear but do no damage.
The black bear is moderately wounded.
The black bear bites you.
* * * LOW HITPOINT WARNING * * *
The black bear barely misses you. The black bear closely misses you.
Okay, then.
Unknown command.
You can't drink.
Unknown command.
Unknown command.
Unknown command.
Evoke which item? (* to show all) (? for menu, Esc to quit)
Aiming: Polymorph
Press: ? - help, Shift-Dir - straight line, f/p - black bear
Aim: a black bear (moderately wounded, lightly drained, chance to defeat MR: 50%)
The black bear evaporates and reforms as a steam dragon!
Unknown command.
Unknown command.
Really go through this one-way escape hatch?
The steam dragon misses you. The steam dragon claws you.
* * * LOW HITPOINT WARNING * * *
A mysterious force pulls you upwards. The hatch slams shut behind you.
The steam dragon breathes steam at you. The ball of steam hits you!
The steam scalds you terribly!
You die...

.......[........>####.........##.
###.###########......!#.#.....##.
#.# ##)######.#.#....#. #.#
#........._.....#. #.#
######...#......#. #.#
#.#........#. #.# #........###.
#.# ##########.####.#.#. #.#
#.§@................ #.#
#D########.######.## #.# #.#
#.#<# #.# #.# #.# #.#.# #.## #.#
#.# #.#.# #... #.# #.# #.#.# ###.
#.# #.# #.#.######. #.# #.#
#.#........ #.#
#.########(#########


You could see a steam dragon.

Vanquished Creatures
  A crimson imp (D:4)
  A hound (D:3)
  2 orc priests (D:3)
  An orc wizard (D:3)
  A worker ant (D:4)
  6 adders
  2 oozes
  5 worms
  2 dart slugs (D:2)
  2 leopard geckos (D:3)
  3 orcs (D:3)
  5 giant cockroaches
  9 goblins
  7 hobgoblins
  2 quokkas (D:4)
  4 ball pythons
  9 bats
  4 frilled lizards
  11 kobolds
  6 rats
83 creatures vanquished.

Notes
Turn   | Place    | Note
-------+----------+-------------------------------------------
     0 | D:1      | MisterOstroum the Mummy Archaeologist began the quest for
                  | the Orb.
     0 | D:1      | Reached XP level 1. HP: 15/15 MP: 1/1
   151 | D:1      | Reached skill level 1 in Maces & Flails
   256 | D:1      | Reached XP level 2. HP: 20/21 MP: 2/2
  1301 | D:2      | Reached XP level 3. HP: 23/27 MP: 3/3
  1450 | D:2      | Reached skill level 1 in Long Blades
  1580 | D:2      | Noticed Sigmund
  1586 | D:2      | You fall into a shaft and drop 1 floor!
  1604 | D:3      | Found an ornate altar of the Wu Jian Council.
  1848 | D:2      | Reached skill level 2 in Long Blades
  1885 | D:2      | Reached XP level 4. HP: 34/34 MP: 4/4
  2594 | D:3      | Reached skill level 3 in Long Blades
  2706 | D:3      | Reached XP level 5. HP: 28/40 MP: 5/5
  2955 | D:3      | Reached skill level 4 in Long Blades
  3597 | D:3      | Found an ornate altar of the Wu Jian Council.
  4073 | D:4      | Found Quadat's Weapon Emporium.
  4094 | D:4      | Reached skill level 5 in Long Blades
  4094 | D:4      | Reached XP level 6. HP: 47/47 MP: 6/6
  4101 | D:4      | Bought a +0 long sword for 49 gold pieces
  4223 | D:4      | Noticed a steam dragon
  4223 | D:4      | a black bear changed into a steam dragon
  4228 | D:3      | Killed from afar by a steam dragon

Skill      XL: |  1  2  3  4  5 |
---------------+----------------+-----
Maces & Flails | 1 2 |  2.0
Fighting       | 2 3 |  3.6
Long Blades    | 2 3 5 |  5.2
Dodging        | |  2.4
Stealth        | |  2.6
Evocations     | |  0.4

Action                   |  1- 3 |  4- 6 || total
-------------------------+-------+-------++-------
Melee: Whip              |   184 |   120 ||   304
       Dagger            |    11 |    26 ||    37
       Long sword        |       |    58 ||    58
 Fire: Hunting sling     |       |    17 ||    17
       Blowgun           |       |    37 ||    37
Throw: Stone             |     5 |    24 ||    29
Evoke: Wand              |       |     4 ||     4
  Use: Scroll            |       |     6 ||     6
 Stab: Sleeping          |     2 |       ||     2
Armor: Robe              |    17 |       ||    17
       Leather armour    |    19 |       ||    19
       Scale mail        |    49 |   103 ||   152
Dodge: Dodged            |   104 |   117 ||   221
Block: Other             |       |     1 ||     1
